 Seeded DCSS version 0.29-a0-541-gaf1fc19f1b (webtiles) character file.

Game seed: 5998305543906830551 (custom seed)

9 swifteh the Covered (level 2, 0/19 HPs)
             Began as a Gargoyle Fighter on June 2, 2022.
             Slain by a jackal (2 damage)
             ... on level 1 of the Dungeon.
             The game lasted 00:01:02 (235 turns).

swifteh the Covered (Gargoyle Fighter)               Turns: 235, Time: 00:01:03

Health: 0/19       AC:  9    Str: 19    XL:     2   Next: 12%
Magic:  2/2        EV:  9    Int:  8    God:
Gold:   0          SH:  4    Dex:  9    Spells: 1/1 levels left

rFire   . . .      SeeInvis .   a - +0 flail
rCold   . . .      Faith    .   c - +0 buckler
rNeg    + . .      Spirit   .   b - +0 scale mail
rPois   ∞          Reflect  .   (no helmet)
rElec   +          Harm     .   (no cloak)
rCorr   .          Rampage  .   (no gloves)
Will    .....                   (no boots)
Stlth   ..........              (no amulet)
HPRegen 0.06/turn               (no ring)
MPRegen 0.08/turn               (no ring)

@: no status effects
A: sickness immunity, AC +2, negative energy resistance 1, electricity
resistance, torment resistance 1, petrification resistance
a: no special abilities


You were on level 1 of the Dungeon.
You visited 1 branch of the dungeon, and saw 1 of its levels.

Inventory:

Hand Weapons
 a - a +0 flail (weapon)
Armour
 b - a +0 scale mail (worn)
 c - a +0 buckler (worn)
Scrolls
 e - a scroll of blinking {unknown}
 f - a scroll of enchant armour {unknown}
 g - a scroll of fear {unknown}
Potions
 d - a potion of might


   Skills:
 + Level 3.5 Fighting
 + Level 2.0 Maces & Flails
 + Level 3.5 Armour
 + Level 3.4 Shields


You had one spell level left.
You didn't know any spells.
Your spell library was empty.

Dungeon Overview and Level Annotations

Branches:
Dungeon (1/15)

Altars:


Innate Abilities, Weirdness & Mutations

You are immune to sickness and miasma.
Your stone body is resilient. (AC +2)
You are immune to poison.
You resist negative energy. (rN+)
You are resistant to electric shocks. (rElec)
You are resistant to unholy torment.
You are immune to petrification.


Message History

You completely miss the hobgoblin. The jackal barely misses you.
The hobgoblin closely misses you.
The jackal bites you but does no damage.
The hobgoblin misses you.
You closely miss the hobgoblin.
The jackal bites you but does no damage.
The hobgoblin hits you but does no damage.
The jackal completely misses you.
You hit the hobgoblin.
The hobgoblin is heavily wounded.
The jackal barely misses you. The hobgoblin hits you.
* * * LOW HITPOINT WARNING * * *
You block the jackal's attack.
You hit the hobgoblin but do no damage.
The hobgoblin is heavily wounded.
The hobgoblin closely misses you. The jackal bites you.
* * * LOW HITPOINT WARNING * * *
The hobgoblin closely misses you.
You closely miss the hobgoblin.
The hobgoblin is heavily wounded.
The jackal bites you but does no damage.
The jackal completely misses you. You block the hobgoblin's attack.
You barely miss the hobgoblin.
The hobgoblin is moderately wounded.
You block the jackal's attack. The jackal closely misses you.
The hobgoblin closely misses you.
You thump the hobgoblin!
You kill the hobgoblin!
The jackal bites you.
* * * LOW HITPOINT WARNING * * *
The jackal closely misses you.
The jackal bites you but does no damage. x2
You see here a hobgoblin corpse.
You hit the jackal.
The jackal is almost dead.
The jackal bites you but does no damage. x2
You miss the jackal.
The jackal is almost dead.
The jackal bites you.
You die...

.....∩..♣..♣..∩..♣...
#...................
#..................###
.##...8..∩.._.....∩.....
.................!...?..
#...................
#.♣..∩..∩..8..∩.....
#####...........h.).....
................@.....>.
####..8..∩.....∩..∩.....
#.))........$........ #
#...............#####
####.)∩..♣..∩.....8#
...##...############
.....#### ...#.# ...#.#


You could see a jackal.

Vanquished Creatures
  A goblin (D:1)
  A hobgoblin (D:1)
  2 jackals (D:1)
  2 kobolds (D:1)
  A ball python (D:1)
7 creatures vanquished.

Notes
Turn   | Place    | Note
-------+----------+-------------------------------------------
     0 | D:1      | swifteh the Gargoyle Fighter began the quest for the Orb.
     0 | D:1      | Reached XP level 1. HP: 14/14 MP: 1/1
   168 | D:1      | Found a faded altar of an unknown god.
   225 | D:1      | Reached XP level 2. HP: 8/19 MP: 2/2
   235 | D:1      | Slain by a jackal

Illustrated notes

Levels and vault maps discovered:
D:1:      nzn_arrival_crosshair, layout_basic,
          hellmonk_ecumenical_altar_arch_garden

Action                   || total
-------------------------++-------
Melee: Flail             ||    23
Armor: Scale mail        ||    21
Dodge: Dodged            ||    26
Block: Buckler           ||     6

Table legend: (Time is in decaauts)
 A = Elapsed time spent in this place.
 B = Non-inter-level travel time spent in this place.
 C = Inter-level travel time spent in this place.
 D = Time resting spent in this place.
 E = Time spent auto-exploring this place.
 F = Levels seen in this place.
 G = Mean time per level.
                   A        B        C        D        E       F      G
               +--------+--------+--------+--------+--------+-----+--------+
         Total |    242 |    242 |      0 |     77 |     98 |   1 |  242.0 |
       Dungeon |    242 |    242 |      0 |     77 |     98 |   1 |  242.0 |
               +--------+--------+--------+--------+--------+-----+--------+

Top non-repeatable levels by time:
     D:1: 242 daAuts
